 Dungeon Crawl Stone Soup version 0.20-a0-689-g860b9ab (webtiles) character file.

168 polly the Covered (level 5, 0/33 HPs)
             Began as a Gargoyle Fighter on Feb 20, 2017.
             Slain by a wyvern (4 damage)
             ... on level 4 of the Dungeon.
             The game lasted 00:02:28 (2304 turns).

polly the Covered (Gargoyle Fighter)                Turns: 2304, Time: 00:02:29

Health: 0/33       AC: 11    Str: 19    XL:     5   Next: 49%
Magic:  5/5        EV:  7    Int:  9    God:
Gold:   131        SH:  9    Dex: 10    Spells: 4/4 levels left

rFire    . . .     SeeInvis .   a - +0 flail
rCold    . . .     Gourm    .   b - +0 scale mail
rNeg     + . .     Faith    .   c - +0 shield
rPois    ∞         Spirit   .   (no helmet)
rElec    +         Reflect  .   (no cloak)
rCorr    .         Harm     .   (no gloves)
MR       .....                  (no boots)
Stlth    ..........             (no amulet)
Regen    0.2/turn               (no ring)
MPRegen  0.1/turn               (no ring)

@: no status effects
A: negative energy resistance 1, electricity resistance, unbreathing,
petrification resistance, rot immunity, AC +4
a: no special abilities


You were on level 4 of the Dungeon.
You were very hungry.

You visited 1 branch of the dungeon, and saw 4 of its levels.

You collected 131 gold pieces.

Inventory:

Hand Weapons
 a - a +0 flail (weapon)
Armour
 b - a +0 scale mail (worn)
 c - a +0 shield (worn)
Wands
 l - a wand of paralysis (12/24)
Scrolls
 e - a scroll of immolation {unknown}
 g - 3 scrolls of remove curse
 h - a scroll of enchant armour {unknown}
 i - 2 scrolls of identify
 j - 2 scrolls of teleportation
 k - a scroll of fear {unknown}
 n - a scroll of blinking {unknown}
Potions
 d - 2 potions of might
 o - a potion of invisibility
 r - a potion of agility
Comestibles
 f - 2 bread rations
 m - a meat ration


   Skills:
 + Level 4.2 Fighting
 + Level 3.3 Maces & Flails
 + Level 4.3 Armour
 + Level 0.8 Dodging
 + Level 0.2 Stealth
 + Level 4.0 Shields


You had 4 spell levels left.
You didn't know any spells.

Dungeon Overview and Level Annotations

Branches:
Dungeon (4/15)
 Temple: D:4-7

Altars:
Dithmenos
Ru


Innate Abilities, Weirdness & Mutations

You are resistant to torment.
Your stone body is resilient. (AC +4)
You are immune to poison.
You resist negative energy. (rN+)
You are resistant to electric shocks. (rElec)
You can survive without breathing.
You are immune to petrification.
You are immune to rotting.


Message History

You are too injured to fight recklessly!
You are too injured to fight recklessly!
You are too injured to fight recklessly!
You are too injured to fight recklessly!
You are too injured to fight recklessly!
You are too injured to fight recklessly!
You are too injured to fight recklessly!
You are too injured to fight recklessly!
You are too injured to fight recklessly!
The wyvern bites you but does no damage.
You block the wyvern's attack.
You thump the wyvern!
The wyvern is almost dead.
You are feeling very hungry.
The wyvern bites you. The wyvern bites you!
* * * LOW HITPOINT WARNING * * *
Your shield and scale mail prevent you from hitting the wyvern.
The wyvern is almost dead.
The wyvern bites you.
You die...

.......
........
........
......$.
###........
#..........
#.<......##
#..#.......
#..@.......
#..l...#.##
#......# #
........#
.....#.#.#
#....#.....#
...........#
##.#.###.###


You could see a wyvern.

Vanquished Creatures
  The ghost of tbh1313 the Sneak, an amateur OpAs (D:3)
  3 adders (D:2)
  3 worms (D:2)
  A dart slug (D:3)
  3 leopard geckos
  13 goblins
  4 hobgoblins
  3 kobolds
  A quokka (D:3)
  2 ball pythons (D:1)
  10 bats
  12 rats
56 creatures vanquished.

Notes
Turn   | Place    | Note
-------+----------+-------------------------------------------
     0 | D:1      | polly the Gargoyle Fighter began the quest for the Orb.
     0 | D:1      | Reached XP level 1. HP: 14/14 MP: 1/1
   143 | D:1      | Reached XP level 2. HP: 9/19 MP: 2/2
   722 | D:2      | Found a shadowy altar of Dithmenos.
   774 | D:2      | Reached XP level 3. HP: 23/23 MP: 3/3
   794 | D:2      | Found a sacrificial altar of Ru.
  1181 | D:2      | Reached XP level 4. HP: 13/29 MP: 4/4
  1701 | D:3      | Noticed tbh1313's ghost (amateur OpAs)
  1716 | D:3      | Killed tbh1313's ghost
  1716 | D:3      | Reached XP level 5. HP: 17/33 MP: 5/5
  1919 | D:3      | Found a faded altar of an unknown god.
  2293 | D:4      | Noticed a wyvern
  2304 | D:4      | Slain by a wyvern

Vault maps used:
D:1:      scummos_arrival_hexagon
D:2:      nicolae_ru_awakened_eye, first_bread,
          nicolae_dithmenos_through_a_glass_darkly
D:3:      chequers_ecumenical_altar_simple_redux
D:4:      eino_curves_01, minmay_misc_feat_iff, minmay_bisected, uniq_grinder

Skill      XL: |  1  2  3  4 |
---------------+-------------+-----
Fighting       | 4 |  4.2
Armour         | 4 |  4.3
Maces & Flails | 3 |  3.3
Shields        | 4 |  4.0
Dodging        | |  0.8
Stealth        | |  0.2

Action                   |  1- 3 |  4- 6 || total
-------------------------+-------+-------++-------
Melee: Flail             |   167 |    84 ||   251
  Use: Scroll            |       |     3 ||     3
  Eat: Chunk             |     1 |     3 ||     4
Armor: Scale mail        |   148 |    42 ||   190
Dodge: Dodged            |    67 |    22 ||    89
Block: Shield            |   136 |    39 ||   175
